 Dungeon Crawl Stone Soup version 0.30-a0-718-geaa24f58ff (webtiles) character file.

Game seed: 9969383433837105449

70200 ragingrage the Carver (level 14, -4/66 (114) HPs)
             Began as a Demigod Reaver on Jan 25, 2023.
             Killed by divine providence
             ... invoked by Saint Roka
              (11 damage)
             ... on level 2 of the Orcish Mines.
             The game lasted 01:02:49 (31808 turns).

ragingrage the Carver (Demigod Reaver)             Turns: 31808, Time: 01:02:50

HP:   -4/66 (114)   AC: 14    Str: 13    XL:     14   Next: 51%
MP:   0/24          EV: 17    Int: 19    God:
Gold: 2108          SH:  7    Dex: 24    Spells: 3/21 levels left

rFire   . . .      SeeInvis .    a - +4 scimitar (freeze)
rCold   . . .      Faith    .    G - +0 buckler
rNeg    . . .      Spirit   +    P - +0 troll leather armour
rPois   +          Reflect  .    I - +2 helmet
rElec   .          Harm     .    (no cloak)
rCorr   .          Rampage  .    D - +2 pair of gloves
Will    ++...                    l - +2 pair of boots
Stlth   +++                      J - amulet of guardian spirit
HPRegen 1.11/turn                g - ring of poison resistance
MPRegen 0.19/turn                w - ring of willpower

@: very heavily drained
A: high MP 1, forlorn, divine attributes
a: no special abilities


You were on level 2 of the Orcish Mines.
You visited 4 branches of the dungeon, and saw 22 of its levels.

You collected 2108 gold pieces.

Inventory:

Hand Weapons
 a - a +4 scimitar of freezing (weapon)
 b - a +2 dagger of venom
 c - a +4 scimitar of flaming
 t - a +4 dagger
Missiles
 i - 49 poisoned darts
 m - a throwing net
 p - 17 boomerangs
 H - a curare-tipped dart
Armour
 l - a +2 pair of boots (worn)
 D - a +2 pair of gloves (worn)
 G - a +0 buckler (worn)
 I - a +2 helmet (worn)
 K - a +1 robe of willpower
 M - the +0 robe "Kyih" {rC++ Int-5 SInv Archmagi}
   (You found it on level 9 of the Dungeon)

   Int:       It affects your intelligence (-5).
   rC:        It greatly protects you from cold.
   SInv:      It lets you see invisible.
   Archmagi:  It increases the power of your magical spells.
 P - a +0 troll leather armour (worn)
 X - +0 acid dragon scales
 Z - +0 ice dragon scales
Magical Staves
 Q - a staff of fire
Jewellery
 g - a ring of poison resistance (left hand)
 q - a ring of flight
 r - a ring of ice
 u - a +6 ring of strength
 w - a ring of willpower (right hand)
 J - an amulet of guardian spirit (around neck)
Wands
 v - a wand of polymorph (18)
 A - a wand of flame (13)
 C - a wand of charming (12)
 S - a wand of digging (12)
 T - a wand of mindburst (11)
Scrolls
 e - 3 scrolls of poison
 f - a scroll of summoning
 h - 2 scrolls of vulnerability
 o - 6 scrolls of magic mapping
 y - 2 scrolls of fog
 B - 2 scrolls of blinking
 E - 3 scrolls of teleportation
 N - 10 scrolls of identify
 U - 2 scrolls of silence
 Y - a scroll of fear
Potions
 d - a potion of brilliance
 j - 4 potions of attraction
 k - 5 potions of might
 n - a potion of cancellation
 s - 2 potions of resistance
 z - a potion of berserk rage {unknown}
 F - 5 potions of flight
 L - 2 potions of mutation
 O - 6 potions of curing
 R - a potion of haste
 V - a potion of heal wounds
 W - a potion of lignification


   Skills:
 + Level 7.7 Fighting
 - Level 4.1(10.0) Short Blades
 - Level 14.0(14.2) Long Blades
 - Level 4.0 Armour
 + Level 7.8 Dodging
 - Level 5.0 Stealth
 + Level 7.0 Shields
 - Level 4.0 Spellcasting
 - Level 10.0 Conjurations
 + Level 4.9 Hexes
 - Level 1.0 Necromancy
 - Level 5.0 Translocations
 - Level 2.0 Ice Magic
 - Level 4.0 Air Magic
 - Level 2.0 Poison Magic
 - Level 5.0 Evocations


You had 3 spell levels left.
You knew the following spells:

 Your Spells              Type           Power      Damage    Failure   Level
a - Kiss of Death         Conj/Necr      96%        2d12      2%          1
b - Momentum Strike       Conj/Tloc      64%        3d9       1%          2
c - Magic Dart            Conj           100%       1d8       1%          1
d - Mephitic Cloud        Conj/Pois/Air  24%        N/A       8%          3
e - Hailstorm             Conj/Ice       26%        3d7       5%          3
f - Iskenderun's Mystic   Conj/Tloc      32%        2d8       10%         4
g - Fulminant Prism       Conj/Hex       16%        3d11      10%         4

Your spell library contained the following spells:

 Spells                   Type           Power      Damage    Failure   Level
 Searing Ray              Conj           82%        2d7       1%          2
 Apportation              Tloc           44%        N/A       2%          1
 Slow                     Hex            88%        N/A       2%          1
 Dazzling Flash           Conj/Hex       64%        N/A       3%          3
 Confusing Touch          Hex            22%        N/A       9%          3
 Portal Projectile        Hex/Tloc       44%        N/A       9%          3
 Tukima's Dance           Hex            22%        N/A       9%          3
 Necrotise                Necr           28%        1d5       14%         1
 Summon Small Mammal      Summ           12%        N/A       22%         1
 Inner Flame              Hex/Fire       13%        N/A       24%         3
 Summon Guardian Golem    Hex/Summ       13%        N/A       24%         3
 Call Imp                 Summ           3%         N/A       32%         2
 Scorch                   Fire           6%         2d5       32%         2
 Vampiric Draining        Necr           7%         2d6       38%         3
 Call Canine Familiar     Summ           3%         N/A       54%         3
 Flame Wave               Conj/Fire      22%        2d8       26%         4
 Sticky Flame             Conj/Fire      22%        2d4       26%         4
 Cause Fear               Hex            11%        N/A       28%         4
 Leda's Liquefaction      Hex/Erth       6%         N/A       61%         4
 Silence                  Hex/Air        10%        N/A       67%         5
 Agony                    Necr           7%         N/A       98%         5
 Blade Hands              Tmut           1%         N/A       99%         5
 Starburst                Conj/Fire      11%        6d5       99%         6
 Summon Cactus Giant      Summ           1%         N/A       100%        6
 Discord                  Hex            11%        N/A       100%        8


Dungeon Overview and Level Annotations

Branches:
Dungeon (14/15)            Temple (1/1) D:5            Lair (5/5) D:8
  Snake (0/4) Lair:3        Slime (0/5) Lair:4          Orc (2/2) D:10
    Elf (0/3) Orc:2
  Swamp: Lair:2-3    Shoals: Lair:2-3    Vaults: D:13-14

Portals:
Hell: Lair:5

Annotations:
D:6 exclusion: boulder beetle
Lair:1 exclusion: 2 downstairs
Lair:2 2 exclusions
Orc:2 Saint Roka


Innate Abilities, Weirdness & Mutations

You have an increased reservoir of magic. (+10% MP)
You shall have no god before yourself.
Your divine heritage dramatically boosts your attributes as you level up.


Message History

Saint Roka seems less confused.
You hit Saint Roka.
Saint Roka looks as sick as possible!
Saint Roka is heavily wounded.
Saint Roka hits you with a +0 long sword!
You hit Saint Roka but do no damage.
Saint Roka looks as sick as possible!
Saint Roka is heavily wounded.
You hit Saint Roka.
Saint Roka looks as sick as possible!
Saint Roka is heavily wounded.
Saint Roka hits you with a +0 long sword!!
Your +2 dagger of venom stops dripping with poison.
Your +4 scimitar of freezing glows with a cold blue light!
a - a +4 scimitar of freezing (weapon)
You slash Saint Roka! You freeze Saint Roka.
Saint Roka is severely wounded.
Saint Roka says, "In the orcish mines, orcs kill the likes of YOU!"
Saint Roka hits you with a +0 long sword!!
* * * LOW HITPOINT WARNING * * *
Casting: Kiss of Death (safe; 2% risk of failure)
Confirm with . or Enter, or press ? or * to list all spells.
Aiming: Kiss of Death (safe; 2% risk of failure)
Press: ? - help, Shift-Dir - straight line, f/p - Saint Roka
Aim: Saint Roka, wielding a +0 long sword and wearing a +2 chain mail of cold resistance (severely wounded, extremely poisoned, lightly drained, 100% to hit)
The negative energy hits Saint Roka.
Saint Roka is drained!
Saint Roka is severely wounded.
You feel drained.
Saint Roka hits you with a +0 long sword!!
* * * LOW HITPOINT WARNING * * *
Your magical contamination has completely faded away.
Casting: Kiss of Death (safe; 2% risk of failure)
Confirm with . or Enter, or press ? or * to list all spells.
Aiming: Kiss of Death (safe; 2% risk of failure)
Press: ? - help, Shift-Dir - straight line, f/p - Saint Roka
Aim: Saint Roka, wielding a +0 long sword and wearing a +2 chain mail of cold resistance (severely wounded, extremely poisoned, lightly drained, 100% to hit)
The negative energy hits Saint Roka.
Saint Roka is drained!
Saint Roka is severely wounded.
You feel drained.
Saint Roka cries, "Beogh give me strength!"
Saint Roka calls down the wrath of Beogh upon you.
Beogh smites you!
You die...

..................##.##
..................#...#
......................#
..o..................##
................(.....#
..........#..........##
.....................#
)#..............#....#
.).......##....(@....#
....^.......#..o.....##
.#....#...............#
.##.#.................#
.###.................>#
.....................##
....................##
.....................#
........#............##


You could see Saint Roka (extremely poisoned, drained).

Vanquished Creatures
  Rupert (Orc:2)
  Snorg (D:11)
  A rakshasa (D:13)
  An ice dragon (D:13)
  A catoblepas (Lair:4)
  9 hydras
  3 centaur warriors
  3 two-headed ogres
  A boulder beetle (D:11)
  A tengu warrior (D:13)
  6 death yaks
  Nergalle (Orc:1)
  A bog body (Lair:2)
  3 deep elf pyromancers
  An orc knight (D:10)
  An orc sorcerer (Orc:1)
  A wizard (Lair:5)
  A wolf spider (Lair:1)
  2 ugly things (D:11)
  4 cyclopes
  7 elephants
  6 black mambas
  An orange demon (Lair:5)
  A gargoyle (D:13)
  A torpor snail (Lair:5)
  10 cane toads
  Psyche (D:11)
  A kobold demonologist (D:9)
  4 rime drakes
  An unseen horror (D:13)
  12 komodo dragons
  An ice devil (Lair:5)
  An efreet (D:14)
  3 red devils
  8 polar bears
  9 trolls
  A hornet (Lair:3)
  23 blink frogs
  A centaur simulacrum (D:11)
  6 dream sheep
  2 wraiths
  7 slime creatures
  7 wyverns
  4 fire elementals
  40 yaks
  6 basilisks
  3 wargs
  3 nagas (Lair:3)
  A swamp worm (Lair:2)
  2 acid dragons
  16 water moccasins
  Duvessa (D:4)
  5 hell hounds
  16 orc warriors
  An ice beast (D:7)
  A black bear (Lair:3)
  33 wolves
  2 centaurs
  5 ogres
  4 kobold brigands
  16 bullfrogs
  A necrophage (D:8)
  3 gnoll sergeants
  12 wights
  Dowan (D:4)
  12 killer bees
  A howler monkey (D:12)
  3 electric eels (D:8)
  7 jellies
  9 orc priests
  11 hounds
  A gnoll bouda (D:5)
  Terence (D:2)
  5 iguanas
  17 orc wizards
  16 adders
  24 gnolls
  A shadow imp (D:6)
  2 white imps (D:5)
  An ufetubus (D:4)
  2 worms
  3 dart slugs
  51 orcs
  5 ball pythons
  11 bats
  10 endoplasms
  A giant cockroach (D:2)
  11 goblins
  2 hobgoblins (D:2)
  10 jackals
  6 quokkas
  4 frilled lizards
  21 kobolds
  6 rats
587 creatures vanquished.

Vanquished Creatures (collateral kills)
  A black mamba (Lair:1)
  A cane toad (Lair:1)
  An orange demon (Lair:5)
  A smoke demon (Lair:5)
  A hell hound (Lair:5)
  A killer bee (D:8)
6 creatures vanquished.

Vanquished Creatures (others)
  A sixfirhy (Lair:5)
  A wyvern (Lair:5)
  An orc wizard (D:7)
  An orc (Orc:2)
  A kobold (D:11)
  A bush (Lair:5)
  4 fulminant prisms
  80 fungi
  166 plants
256 creatures vanquished.

Grand Total: 849 creatures vanquished

Notes
Turn   | Place    | Note
-------+----------+-------------------------------------------
     0 | D:1      | ragingrage the Demigod Reaver began the quest for the Orb.
     0 | D:1      | Reached XP level 1. HP: 17/17 MP: 5/5
    79 | D:1      | Reached skill level 3 in Long Blades
   234 | D:1      | Reached XP level 2. HP: 12/24 MP: 7/7
   282 | D:1      | Learned a level 2 spell: Momentum Strike
   637 | D:1      | Reached skill level 1 in Stealth
   947 | D:2      | Reached XP level 3. HP: 29/29 MP: 8/8
  1072 | D:2      | Noticed Terence
  1108 | D:3      | Reached skill level 1 in Translocations
  1431 | D:3      | Reached XP level 4. HP: 36/36 MP: 9/9
  1477 | D:3      | Learned a level 1 spell: Magic Dart
  1695 | D:4      | Reached skill level 1 in Necromancy
  1835 | D:4      | Noticed Dowan
  1880 | D:4      | You fall into a shaft and drop 1 floor!
  1880 | D:5      | Entered Level 5 of the Dungeon
  1880 | D:5      | Found a staircase to the Ecumenical Temple.
  1883 | Temple   | Entered the Ecumenical Temple
  2201 | D:5      | Noticed an ogre
  2480 | D:5      | Noticed a bullfrog
  2488 | D:5      | Killed a bullfrog
  2489 | D:5      | Reached skill level 4 in Long Blades
  2489 | D:5      | Reached XP level 5. HP: 26/41 MP: 7/10
  3099 | D:4      | Reached XP level 6. HP: 48/48 MP: 11/11
  3649 | D:4      | Noticed Duvessa
  3838 | D:5      | Reached skill level 5 in Long Blades
  4422 | D:5      | Reached XP level 7. HP: 39/49 MP: 7/12
  4459 | D:5      | Reached skill level 5 in Conjurations
  5466 | D:5      | Reached skill level 6 in Long Blades
  5501 | D:5      | Learned a level 3 spell: Mephitic Cloud
  6211 | D:5      | Reached skill level 1 in Air Magic
  6211 | D:5      | Reached skill level 1 in Poison Magic
  6310 | D:6      | Learned a level 3 spell: Hailstorm
  6326 | D:6      | Reached XP level 8. HP: 43/60 MP: 4/14
  6548 | D:6      | Identified the +0 ring mail "Weamim" {Drain rElec rN++}
  6643 | D:6      | Reached skill level 1 in Ice Magic
  6792 | D:6      | Noticed a boulder beetle
  8168 | D:7      | Reached skill level 7 in Long Blades
  8473 | D:7      | Reached XP level 9. HP: 55/68 MP: 6/16
  9243 | D:8      | Identified the +3 leather armour "Ysezy" {rElec Dex-4
                  | Slay+2}
  9498 | D:9      | Identified the +0 robe "Kyih" {rC++ Int-5 SInv Archmagi}
 10244 | D:8      | Reached skill level 8 in Long Blades
 11341 | D:8      | Reached skill level 9 in Long Blades
 11506 | D:8      | Reached XP level 10. HP: 72/80 MP: 17/17
 11547 | D:8      | Found a staircase to the Lair.
 12058 | D:4      | Killed Duvessa
 12062 | D:4      | Killed Dowan
 12578 | D:2      | Killed Terence
 12795 | Lair:1   | Entered Level 1 of the Lair of Beasts
 13032 | Lair:1   | Reached skill level 10 in Long Blades
 13317 | Lair:1   | Noticed a black mamba
 13328 | Lair:1   | Killed a black mamba
 13492 | Lair:1   | Reached skill level 11 in Long Blades
 13495 | Lair:1   | Noticed a black mamba
 13593 | Lair:1   | Killed a black mamba
 13701 | Lair:1   | Noticed a wolf spider
 13711 | Lair:1   | Killed a wolf spider
 14145 | Lair:1   | Reached skill level 12 in Long Blades
 14588 | Lair:1   | Reached XP level 11. HP: 81/85 MP: 12/19
 14704 | Lair:1   | HP: 2/85 [cane toad (14)]
 15373 | Lair:2   | Reached skill level 13 in Long Blades
 15411 | Lair:2   | Noticed a five-headed hydra
 15964 | Lair:2   | Noticed a seven-headed hydra
 16074 | Lair:1   | Reached skill level 14 in Long Blades
 16588 | D:9      | Reached skill level 5 in Stealth
 16696 | D:9      | Learned a level 4 spell: Iskenderun's Mystic Blast
 16763 | D:9      | Reached skill level 5 in Fighting
 16867 | D:9      | Reached skill level 1 in Shields
 17142 | D:10     | Entered Level 10 of the Dungeon
 17471 | D:10     | Found a staircase to the Orcish Mines.
 17529 | D:10     | Reached XP level 12. HP: 70/94 MP: 12/20
 17873 | D:11     | Noticed a boulder beetle
 18047 | D:11     | Noticed Psyche
 18063 | D:11     | Killed Psyche
 18097 | D:11     | Noticed Snorg
 18781 | Lair:3   | Noticed a four-headed hydra
 19462 | Lair:3   | You fall into a shaft and drop 2 floors!
 19462 | Lair:5   | Entered Level 5 of the Lair of Beasts
 19500 | Lair:5   | Reached skill level 5 in Translocations
 19585 | Lair:5   | Reached skill level 5 in Dodging
 19814 | Lair:5   | Reached skill level 5 in Shields
 19835 | Lair:5   | Noticed a catoblepas
 19878 | Lair:4   | Killed a catoblepas
 20129 | Lair:4   | Reached skill level 1 in Armour
 20561 | Lair:4   | Noticed an eight-headed hydra
 20588 | Lair:4   | Found a staircase to the Slime Pits.
 21105 | Lair:5   | Noticed a seven-headed hydra
 21135 | Lair:4   | Reached skill level 1 in Short Blades
 21329 | Lair:2   | Reached XP level 13. HP: 74/101 MP: 9/22
 21340 | Lair:2   | Reached skill level 1 in Evocations
 22060 | D:11     | Killed Snorg
 22598 | D:12     | Learned a level 4 spell: Fulminant Prism
 24009 | D:13     | Reached skill level 1 in Hexes
 25888 | Lair:3   | Found a staircase to the Snake Pit.
 26617 | Lair:4   | Found a staircase to the Slime Pits.
 27950 | Lair:5   | Reached XP level 14. HP: 86/111 MP: 9/24
 29248 | Lair:5   | Reached skill level 10 in Conjurations
 29584 | Lair:5   | Found a gateway to Hell.
 29959 | Orc:1    | Entered Level 1 of the Orcish Mines
 30032 | Orc:1    | Reached skill level 5 in Evocations
 30045 | Orc:1    | Noticed Nergalle
 30063 | Orc:1    | Killed Nergalle
 30516 | Orc:2    | Entered Level 2 of the Orcish Mines
 30516 | Orc:2    | Noticed Rupert
 30516 | Orc:2    | Found a staircase to the Elven Halls.
 30524 | Orc:2    | Paralysed by Rupert for 4 turns
 30541 | Orc:2    | Killed Rupert
 30690 | Orc:2    | Noticed Azrael
 30855 | Orc:2    | Azrael changed into Azrael the red devil
 30855 | Orc:2    | Noticed Azrael
 30861 | Orc:2    | Killed Azrael the red devil
 30960 | Orc:2    | Noticed Saint Roka
 31808 | Orc:2    | Killed from afar by Saint Roka

Illustrated notes

Levels and vault maps discovered:
D:1:      amcnicky_arrival_flooded_fountain, layout_basic
D:2:      minmay_general_purpose_star, layout_basic, uniq_terence
D:3:      layout_basic, grunt_gozag_breadcrumbs,
          mainiacjoe_overflow_tiny_flanked, minmay_liquid_box, st_stairs_4,
          minmay_box_of_dots
D:4:      layout_loops_ring, nicolae_ru_awakened_eye, uniq_duvessa
D:5:      minmay_bubble_buster, layout_basic, nicolae_elyvilon_temple_path,
          temple_green, serial_bayou_pond_c, minmay_misc_feat_rows,
          minmay_fractal_squares_diagonal_5
D:6:      layout_cave_pools
D:7:      layout_cave_pools
D:8:      layout_layer_cave, erik_lair_island
D:9:      layout_roguey, chequers_temple_overflow_statue_of_worship,
          dreamdust_deal_with_the_devil, library_closet
D:10:     layout_basic, mainiacjoe_overflow_24_doors, orc_0_dummy,
          kennysheep_generic_room_5
D:11:     layout_small_grid, small_statue_alley_a, uniq_snorg, uniq_psyche
D:12:     layout_grid_maze
D:13:     hangedman_cross_stitches, layout_loops_ring, serial_aquarium,
          aquarium_bridge_square [aquarium_subvault_wall,
          aquarium_subvault_bridge, aquarium_subvault_wall,
          aquarium_subvault_bridge], aquarium_window_2, aquarium_window_fake,
          aquarium_window_corner, aquarium_view_2g
D:14:     layout_basic, hangedman_vaults_entry_quadrant_bands,
          nzn_wu_jian_council_hall, roderic_roman_lattice
Temple:   nicolae_temple_ecumenical_triangle
Lair:1:   minmay_lair_venomous_thicket, layout_layer_cave, grunt_megastairs_5
Lair:2:   layout_regular_city, nicolae_swamp_entry_splash_gauntlet
Lair:3:   layout_cave_pods, nicolae_snake_entry_squirm,
          hangedman_lair_unloving_vines
Lair:4:   layout_regular_city, nicolae_slime_entry_slimehenge, minivault_24,
          chequers_serial_rivers_micro_c
Lair:5:   evil_forest, layout_loops_ring, grunt_megastairs_4
Orc:1:    layout_caves, uniq_nergalle
Orc:2:    st_orc_elflike, layout_caves, uniq_saint_roka, uniq_rupert,
          uniq_azrael

Skill      XL: |  1  2  3  4  5  6  7  8  9 10 11 12 13 14 |
---------------+-------------------------------------------+-----
Long Blades    | 3 4 5 6 7 9 12 14 | 14.0
Stealth        | 1 2 5 |  5.0
Translocations | 1 2 3 5 |  5.0
Conjurations   | 3 4 5 7 8 9 10 | 10.0
Necromancy     | 1 |  1.0
Spellcasting   | 2 3 4 |  4.0
Air Magic      | 1 3 4 |  4.0
Poison Magic   | 1 2 |  2.0
Ice Magic      | 2 |  2.0
Fighting       | 2 4 5 6 7 |  7.7
Dodging        | 3 6 7 |  7.8
Shields        | 2 5 6 7 |  7.0
Armour         | 2 4 |  4.0
Short Blades   | 1 4 |  4.1
Evocations     | 4 5 |  5.0
Hexes          | 3 4 |  4.9

Action                     |  1- 3 |  4- 6 |  7- 9 | 10-12 | 13-15 || total
---------------------------+-------+-------+-------+-------+-------++-------
  Melee: Falchion          |   173 |    90 |       |       |       ||   263
         Punch             |     1 |     3 |     2 |     2 |       ||     8
         Rapier            |     2 |     1 |     5 |       |       ||     8
         Dagger            |       |    28 |    13 |    42 |    80 ||   163
         Scimitar          |       |       |   209 |   661 |   618 ||  1488
   Fire: Shortbow          |       |       |    21 |     5 |       ||    26
  Throw: Dart              |       |       |       |     4 |     6 ||    10
         Throwing net      |       |       |       |     2 |     1 ||     3
         Boomerang         |       |       |       |       |     6 ||     6
   Cast: Magic Dart        |       |    90 |   252 |   230 |   161 ||   733
         Momentum Strike   |       |    18 |    24 |     3 |     1 ||    46
         Kiss of Death     |       |     2 |       |     4 |     4 ||    10
         Mephitic Cloud    |       |       |    26 |    63 |    74 ||   163
         Hailstorm         |       |       |     1 |    10 |       ||    11
         Fulminant Prism   |       |       |       |       |     4 ||     4
  Evoke: Wand              |       |       |       |     5 |    13 ||    18
    Use: Scroll            |       |     6 |     6 |    16 |     7 ||    35
         Potion            |       |       |     1 |     2 |     2 ||     5
   Stab: Sleeping          |     5 |     1 |       |     1 |     1 ||     8
         Confused          |       |       |    16 |    50 |    70 ||   136
         Distracted        |       |       |       |     2 |     1 ||     3
         Petrifying        |       |       |       |     1 |       ||     1
 Armour: Leather armour    |    71 |    24 |    29 |    73 |       ||   197
         Robe              |       |       |    45 |       |       ||    45
         Troll leather arm |       |       |     4 |   127 |   145 ||   276
  Dodge: Dodged            |   123 |    84 |   148 |   316 |   414 ||  1085
  Block: Buckler           |       |       |       |   127 |   187 ||   314

Table legend: (Time is in decaauts)
 A = Elapsed time spent in this place.
 B = Non-inter-level travel time spent in this place.
 C = Inter-level travel time spent in this place.
 D = Time resting spent in this place.
 E = Time spent auto-exploring this place.
 F = Levels seen in this place.
 G = Mean time per level.
                   A        B        C        D        E       F      G
               +--------+--------+--------+--------+--------+-----+--------+
         Total |  31530 |  29405 |   2125 |   8567 |  13900 |  22 | 1433.2 |
       Dungeon |  18317 |  16988 |   1329 |   5121 |   8049 |  14 | 1308.4 |
        Temple |      1 |      1 |      0 |      0 |      0 |   1 |    1.0 |
          Lair |  11460 |  10760 |    700 |   2818 |   5336 |   5 | 2292.0 |
  Orcish Mines |   1751 |   1656 |     95 |    628 |    515 |   2 |  875.5 |
               +--------+--------+--------+--------+--------+-----+--------+

Top non-repeatable levels by time:
     D:5: 2998 daAuts
     D:8: 2609 daAuts
  Lair:1: 2603 daAuts
  Lair:5: 2490 daAuts
  Lair:4: 2334 daAuts
  Lair:2: 2165 daAuts
  Lair:3: 1866 daAuts
     D:7: 1627 daAuts
     D:4: 1616 daAuts
     D:9: 1515 daAuts
    D:12: 1480 daAuts
     D:6: 1384 daAuts
   Orc:1: 1056 daAuts
    D:11: 950 daAuts
    D:10: 869 daAuts
